 Dungeon Crawl Stone Soup version 0.29.1-15-g9cfb28693d (webtiles) character file.

Game seed: 2402731143932225970

86 Heoruswealwe the Conjurer (level 4, -2/24 HPs)
             Began as a Deep Elf Conjurer on Feb 27, 2023.
             Slain by Pargi (4 damage)
             ... in a sewer.
             The game lasted 00:19:49 (1984 turns).

Heoruswealwe the Conjurer (Deep Elf Conjurer)       Turns: 1984, Time: 00:19:50

Health: -2/24      AC:  3    Str:  4    XL:     4   Next: 27%
Magic:  9/12       EV: 12    Int: 25    God:
Gold:   139        SH:  0    Dex: 13    Spells: 11/12 levels left

rFire   . . .      SeeInvis .   k - +0 dagger (elec)
rCold   . . .      Faith    .   (no shield)
rNeg    . . .      Spirit   .   C - +0 robe
rPois   .          Reflect  .   (no helmet)
rElec   .          Harm     .   (no cloak)
rCorr   .          Rampage  .   (no gloves)
Will    .....                   r - +0 pair of boots
Stlth   ++........              (no amulet)
HPRegen 0.08/turn               (no ring)
MPRegen 0.13/turn               (no ring)

@: very slightly contaminated, invisible
A: no striking features
a: no special abilities


You were in a sewer.
You visited 1 branch of the dungeon, and saw 3 of its levels.
You also visited: Sewer.

You collected 139 gold pieces.

Inventory:

Hand Weapons
 b - a +0 short sword
 k - a +0 dagger of electrocution (weapon)
Missiles
 a - 8 poisoned darts
Armour
 r - a +0 pair of boots (worn)
 C - a +0 robe (worn)
Scrolls
 f - a scroll of enchant armour
 q - a scroll of amnesia {unknown}
Potions
 c - a potion of invisibility
 d - a potion of might {unknown}
 j - a potion of brilliance
 F - a potion of mutation


   Skills:
 - Level 2.4(1.2) Dodging
 - Level 2.4(1.2) Stealth
 + Level 4.8(2.4) Spellcasting
 + Level 5.5(2.7) Conjurations


You had 11 spell levels left.
You knew the following spells:

 Your Spells              Type           Power      Damage    Failure   Level
a - Magic Dart            Conj           64%        1d6       3%          1

Your spell library contained the following spells:

 Spells                   Type           Power      Damage    Failure   Level
 Searing Ray              Conj           32%        2d5       5%          2
 Dazzling Flash           Conj/Hex       18%        N/A       19%         3
 Fulminant Prism          Conj/Hex       4%         3d6       52%         4
 Iskenderun's Mystic Bla  Conj/Tloc      9%         2d4       52%         4


Dungeon Overview and Level Annotations

Branches:
Dungeon (3/15)              Sewer (1/1)

Altars:
Ashenzari

Annotations:
Sewer Pargi


Message History

The magic dart hits the bat.
You kill the bat!
There is an open door here.
d - a silvery potion
There is an open door here.
You open the door.
Found a potion of invisibility.
There is an open door here.
c - 2 potions of invisibility (gained 1)
There is an open door here.
You open the door. You open the door.
There is an empty arch of ancient stone here.
You open the door.
Pargi the Meek comes into view.
Pargi shouts!
Found a scroll labelled LUUMNE OSCHE.
You miscast Magic Dart.
You are very lightly contaminated with residual magic.
Nothing appears to happen.
Pargi closely misses you. Pargi claws you. Pargi closely misses you.
The magic dart hits Pargi but does no damage.
Pargi barely misses you. x2; Pargi closely misses you.
The magic dart hits Pargi.
Pargi is lightly wounded.
Pargi bites you but does no damage. Pargi barely misses you. x2
The magic dart hits Pargi.
Pargi is lightly wounded.
Pargi bites you. Pargi claws you. Pargi claws you but does no damage.
You hit Pargi but do no damage.
Pargi is lightly wounded.
Pargi bites you. Pargi claws you but does no damage. Pargi claws you.
You closely miss Pargi. Pargi bites you!
* * * LOW HITPOINT WARNING * * *
Pargi claws you but does no damage. Pargi claws you.
* * * LOW HITPOINT WARNING * * *
You fade into invisibility!
Pargi closely misses you. Pargi barely misses you. Pargi closely misses you.
Pargi closely misses you. Pargi claws you.
You die...

###################
##.##.##∩##.##.##.#
##.##.##.##.##.##.#
##'##†##.##'##'##'#
..................#######
~~~~~~~~.~~~~~~~~~#~~~~~~
≈≈≈≈≈≈≈≈∩≈≈≈≈≈≈≈≈≈#≈≈≈≈≈≈
~~~~~~~~.~~~~~~~~~#~~~~~~
................@.#######
##+##+##+##+##+##T# #.#
#?# ###


You could see Pargi (unable to see you).

Vanquished Creatures
  3 adders (D:2)
  A dart slug (D:2)
  6 bats
  3 endoplasms
  4 giant cockroaches
  5 goblins
  5 hobgoblins
  6 jackals
  4 kobolds
  2 quokkas
  6 ball pythons
  6 frilled lizards
  3 rats
54 creatures vanquished.

Vanquished Creatures (others)
  13 fungi (D:2)
  4 plants (D:2)
17 creatures vanquished.

Grand Total: 71 creatures vanquished

Notes
Turn   | Place    | Note
-------+----------+-------------------------------------------
     0 | D:1      | Heoruswealwe the Deep Elf Conjurer began the quest for the
                  | Orb.
     0 | D:1      | Reached XP level 1. HP: 10/10 MP: 6/6
   142 | D:1      | Reached XP level 2. HP: 12/15 MP: 1/8
   809 | D:2      | Reached skill level 5 in Conjurations
   809 | D:2      | Reached XP level 3. HP: 19/19 MP: 4/10
  1138 | D:2      | Reached XP level 4. HP: 24/24 MP: 6/12
  1422 | D:2      | Found a faded altar of an unknown god.
  1462 | D:2      | Prayed at the altar of an unknown god.
  1462 | D:2      | Became a worshipper of Ashenzari the Shackled
  1464 | D:2      | Fell from the grace of Ashenzari
  1849 | D:3      | Found a glowing drain.
  1903 | Sewer    | Entered a sewer
  1976 | Sewer    | Noticed Pargi
  1984 | Sewer    | Slain by Pargi

Illustrated notes

Levels and vault maps discovered:
D:1:      wander_arrival_estate, layout_basic
D:2:      layout_basic, shapermc_ecumenical_altar_hornbeckon
D:3:      layout_basic, cheibrodos_sewer_entry_sluice
Sewer:    kennysheep_door_sewer

Skill      XL: |  1  2 |
---------------+-------+-----
Spellcasting   | 4 |  4.8
Conjurations   | 5 |  5.5
Dodging        | |  2.4
Stealth        | |  2.4

Action                   |  1- 3 |  4- 6 || total
-------------------------+-------+-------++-------
Melee: Club              |     2 |       ||     2
       Dagger            |     7 |    85 ||    92
       Punch             |       |     1 ||     1
 Cast: Magic Dart        |    71 |    24 ||    95
Invok: Renounce Religion |       |     1 ||     1
  Use: Potion            |     2 |     1 ||     3
       Scroll            |     3 |     1 ||     4
Armor: Robe              |     3 |     5 ||     8
Dodge: Dodged            |    26 |    20 ||    46
